 Dungeon Crawl Stone Soup version 0.29.1-2-gbd0b4ee654 (webtiles) character file.

Game seed: 9132084645821111613

354 xian the Chopper (level 6, -5/57 HPs)
             Began as a Naga Fighter on Nov 12, 2022.
             Slain by an ogre
             ... wielding a +0 giant spiked club
              (17 damage)
             ... on level 4 of the Dungeon.
             The game lasted 00:09:12 (4178 turns).

xian the Chopper (Naga Fighter)                     Turns: 4178, Time: 00:09:13

Health: -5/57      AC:  7    Str: 20    XL:     6   Next: 62%
Magic:  6/6        EV:  2    Int:  8    God:
Gold:   141        SH: 12    Dex: 11    Spells: 5/5 levels left

rFire   . . .      SeeInvis +   a - +0 war axe
rCold   . . .      Faith    .   n - +0 tower shield
rNeg    . . .      Spirit   .   j - +0 chain mail
rPois   +          Reflect  .   (no helmet)
rElec   .          Harm     .   (no cloak)
rCorr   .          Rampage  .   (no gloves)
Will    .....                   (no barding)
Stlth   ..........              (no amulet)
HPRegen 0.19/turn               (no ring)
MPRegen 0.10/turn               (no ring)

@: very slow
A: AC +2, large, see invisible, deformed body, poison resistance, slowness 2,
spit poison 1, naga tail 1
a: Spit Poison


You were on level 4 of the Dungeon.
You visited 1 branch of the dungeon, and saw 4 of its levels.

You collected 141 gold pieces.

Inventory:

Hand Weapons
 a - a +0 war axe (weapon)
 o - a +2 short sword of electrocution
Missiles
 q - 5 curare-tipped darts
 r - 5 poisoned darts (quivered)
Armour
 j - a +0 chain mail (worn)
 n - a +0 tower shield (worn)
Scrolls
 f - a scroll of teleportation
 i - a scroll of vulnerability
 k - a scroll of enchant armour
 t - a scroll of poison
Potions
 b - 2 potions of lignification {unknown}
 c - 2 potions of mutation {unknown}
 d - 3 potions of might
 e - a potion of flight {unknown}
 h - 2 potions of magic {unknown}
 l - a potion of brilliance
 m - a potion of curing
 p - a potion of cancellation
 s - a potion of degeneration


   Skills:
 + Level 4.0 Fighting
 + Level 4.1 Axes
 + Level 3.7 Armour
 + Level 0.7 Dodging
 + Level 0.7 Stealth
 + Level 3.6 Shields


You had 5 spell levels left.
You didn't know any spells.
Your spell library contained the following spells:

 Spells                   Type           Power      Damage    Failure   Level
 Apportation              Tloc           0%         N/A       100%        1
 Alistair's Intoxication  Tmut/Pois      0%         N/A       100%        5


Dungeon Overview and Level Annotations

Branches:
Dungeon (4/15)
 Temple: D:4-7

Altars:
Elyvilon
Gozag


Innate Abilities, Weirdness & Mutations

Your serpentine skin is tough. (AC +2)
You have supernaturally acute eyesight. (SInv)
Armour fits poorly on your strangely shaped body.
Your system is resistant to poisons. (rPois)
You cover ground very slowly.
You can spit poison.
You have a snake-like lower body.


Message History

The kobold is moderately wounded.
The bat hits you but does no damage. The kobold hits you with a +0 whip.
You hit the kobold.
The kobold is severely wounded.
You barely miss the bat. You block the bat's attack.
The kobold hits you but does no damage. The bat hits you but does no damage.
You block the kobold's attack.
You hit the kobold.
You kill the kobold!
The bat hits you but does no damage. You block the bat's attack.
The bat hits you but does no damage.
You see here a +0 whip.
The bat hits you but does no damage. You block the bat's attack.
You hit the bat.
You kill the bat!
You now have 141 gold pieces (gained 10).
There is a stone staircase leading up here.
Done exploring.
Done exploring.
There is a stone staircase leading down here.
You climb downwards.
You hear the sound of rushing water.
There is an entrance to a sewer on this level.
Hurry and find it before the portal rusts away!
There is a stone staircase leading up here.
An ogre comes into view. It is wielding a +0 giant spiked club.
The ogre shouts!
You throw a poisoned dart. The poisoned dart hits the ogre.
The ogre hits you with a +0 giant spiked club!
There is a stone staircase leading up, spattered with blood here.
The ogre attacks as you move away!
The ogre hits you with a +0 giant spiked club!!
You hit the ogre.
The ogre is moderately wounded.
The ogre hits you with a +0 giant spiked club!
* * * LOW HITPOINT WARNING * * *
You barely miss the ogre.
The ogre is moderately wounded.
The ogre hits you with a +0 giant spiked club!
You die...

####
#.. #.#
#@# #
#O# .#
#.# (.
#<#.#.#
#.....#
###.###
.# #


You could see an ogre.

Vanquished Creatures
  An ogre (D:3)
  Terence (D:2)
  Natasha (thrice) (D:2)
  4 gnolls (D:2)
  5 adders
  2 worms
  2 dart slugs
  9 ball pythons
  6 endoplasms
  2 giant cockroaches
  9 hobgoblins
  2 jackals (D:1)
  10 kobolds
  3 quokkas
  6 bats
  3 frilled lizards (D:1)
  10 goblins
  2 rats
80 creatures vanquished.

Notes
Turn   | Place    | Note
-------+----------+-------------------------------------------
     0 | D:1      | xian the Naga Fighter began the quest for the Orb.
     0 | D:1      | Reached XP level 1. HP: 21/21 MP: 1/1
   303 | D:1      | Reached XP level 2. HP: 15/28 MP: 2/2
   451 | D:1      | Found a faded altar of an unknown god.
  1005 | D:1      | Reached XP level 3. HP: 31/34 MP: 3/3
  2037 | D:2      | Reached XP level 4. HP: 16/42 MP: 4/4
  2509 | D:2      | Found an opulent altar of Gozag.
  2649 | D:2      | Noticed Terence
  2659 | D:2      | Killed Terence
  2660 | D:2      | Reached XP level 5. HP: 21/50 MP: 5/5
  2888 | D:2      | Noticed Natasha
  2895 | D:2      | Killed Natasha
  2903 | D:2      | Noticed Natasha
  2909 | D:2      | Killed Natasha
  2983 | D:2      | Noticed Natasha
  2992 | D:2      | Killed Natasha
  3150 | D:3      | Reached XP level 6. HP: 57/57 MP: 6/6
  3288 | D:3      | Found a white marble altar of Elyvilon.
  4178 | D:4      | Slain by an ogre

Illustrated notes

Levels and vault maps discovered:
D:1:      minmay_arrival_four_loops, layout_basic,
          nicolae_ecumenical_lake_church
D:2:      layout_rooms, basic_altar, uniq_natasha, uniq_terence
D:3:      kennysheep_the_goblin_king, layout_basic,
          nicolae_overflow_crystal_walls, serial_glass, glass_columns_a,
          glass_columns_a, glass_columns_a, glass_columns_b, glass_columns_a,
          glass_columns_c, glass_columns_c, glass_columns_a, item_on_display_a,
          minmay_strange_pillars, minmay_strange_pillars
D:4:      layout_loops_corners, grunt_qazlal_sundering,
          cheibrodos_sewer_entry_sluice, kennysheep_generic_room_7

Skill      XL: |  1  2  3  4  5  6 |
---------------+-------------------+-----
Shields        | 3 |  3.6
Armour         | 3 |  3.7
Axes           | 3 4 |  4.1
Fighting       | 4 |  4.0
Dodging        | |  0.7
Stealth        | |  0.7

Action                   |  1- 3 |  4- 6 || total
-------------------------+-------+-------++-------
Melee: War axe           |   117 |   101 ||   218
Throw: Dart              |       |     4 ||     4
 Abil: Spit Poison       |    11 |    20 ||    31
  Use: Scroll            |       |     8 ||     8
Armor: Scale mail        |    36 |       ||    36
       Chain mail        |    63 |    48 ||   111
Dodge: Dodged            |    53 |     9 ||    62
Block: Buckler           |    38 |     2 ||    40
       Tower shield      |       |    64 ||    64
